Map: Tours du crépuscule

Players

XiaoWangZi - Winner!

  • Race: Terran Terran
  • League: Gold

Derpdaflerp

  • Race: Terran Terran
  • League: Diamond

VOD

Have the link to the VOD?

Description

Time

  • Played on: Feb. 12, 2016, 5:52 p.m.
  • Length: 11:57
Show
View Real Time Build Order
Export as new Build Order

XiaoWangZi Terran - Winner!

Build Orders: MMM Bio 

Get SALT Encoding   

  12  0:01  SCV  
  13  0:13  SCV  
  14  0:18  Supply Depot  
  14  0:25  SCV  
  15  0:33  Refinery  
  15  0:40  SCV  
  16  0:45  Barracks  
  16  0:52  SCV  
  17  1:04  SCV  
  18  1:16  SCV  
  19  1:20  Refinery  
  19  1:30  SCV  
  19  1:31  Supply Depot  
  19  1:32  Reaper  
  21  1:46  Bunker  
  21  1:47  Orbital Command  
  21  2:00  Factory  
  21  2:07  Reaper  
  22  2:13  SCV  
  22  2:25  SCV  
  23  2:37  SCV  
  23  2:39  Reaper  
  27  2:44  Hellion  
  27  2:45  Starport  
  26  2:57  SCV  
  23  3:08  Hellion  
  23  3:09  SCV  
  26  3:23  Reaper  
  26  3:25  SCV  
  22  3:37  SCV  
  22  3:39  Hellion  
  24  3:50  SCV  
  24  3:54  Medivac  
  28  3:55  Reaper  
  28  4:02  Supply Depot, SCV  
  29  4:04  Hellion  
  31  4:23  SCV  
  32  4:29  Hellion, Liberator  
  33  4:38  Command Center  
  33  4:45  Starport Reactor  
  33  4:51  Hellion  
  38  4:54  Marine  
  38  4:57  SCV  
  40  5:19  SCV  
  41  5:31  SCV  
  38  5:43  SCV  
  37  5:51  Starport Reactor, Factory Tech Lab  
  37  5:55  SCV  
  37  5:56  Orbital Command  
  38  5:57  Barracks Tech Lab, Barracks  
  38  5:58  Barracks  
  37  6:07  SCV  
  38  6:13  Siege Tank  
  41  6:19  SCV  
  41  6:22  Supply Depot  
  41  6:23  SCV  
  43  6:26  Stimpack  
  43  6:30  Marauder  
  43  6:31  SCV  
  46  6:35  SCV  
  47  6:41  Medivac x2  
  47  6:43  SCV  
  47  6:45  Barracks Reactor x2  
  52  6:54  SCV  
  52  6:55  Refinery, SCV  
  52  6:56  Refinery  
  54  7:04  Supply Depot  
  54  7:06  SCV  
  54  7:08  SCV  
  56  7:13  Supply Depot, Medivac x2  
  60  7:18  SCV  
  60  7:20  SCV  
  60  7:22  Supply Depot  
  59  7:25  Supply Depot  
  59  7:30  SCV  
  59  7:32  SCV  
  59  7:37  Marine x3, Marauder  
  61  7:39  Command Center  
  61  7:42  SCV  
  67  7:54  SCV x2, Liberator x2  
  73  7:59  Marauder  
  73  8:01  Siege Tank  
  73  8:03  Marine x2  
  82  8:19  SCV  
  83  8:22  Marine, SCV  
  83  8:23  Marine x4  
  89  8:27  Engineering Bay x2  
  89  8:28  Supply Depot  
  89  8:31  Supply Depot, SCV  
  91  8:34  SCV  
  91  8:37  Combat Shields, Liberator x2  
  91  8:44  SCV  
  92  8:51  SCV  
  92  8:54  Missile Turret  
  99  8:56  Missile Turret  
  98  9:10  SCV x2  
  98  9:11  Marine x5  
  105  9:20  Terran Infantry Weapons Level 1, Terran Infantry Armor Level 1  
  105  9:22  SCV  
  106  9:25  Supply Depot x2  
  106  9:29  Command Center  
  106  9:30  Marauder  
  106  9:31  SCV  
  109  9:39  SCV  
  109  9:43  SCV  
  111  9:46  Marine x3  
  111  9:47  Marine  
  111  9:50  Marine, Siege Tank  
  111  9:51  SCV  
  120  9:55  SCV  
  121  10:03  SCV  
  121  10:04  Marine x4  
  126  10:09  Marauder  
  126  10:12  Orbital Command  
  128  10:19  Missile Turret  
  128  10:22  Marine x3  
  131  10:32  Marine  
  131  10:33  Marauder  
  134  10:40  Marine x3  
  137  10:45  Viking x2  
  137  10:48  Starport  
  141  10:50  Marine  
  141  10:54  Marauder  
  144  10:57  Marine  
  144  10:58  Marine x2  
  147  11:08  Marine  
  146  11:12  SCV  
  146  11:14  Refinery  
  146  11:15  Marine x3, Refinery  
  146  11:16  Marauder  
  150  11:26  Marine  
  144  11:33  Marine x3  
  144  11:34  SCV x2  
  144  11:37  Supply Depot  
Show
View Real Time Build Order
Export as new Build Order

Derpdaflerp Terran 

Build Orders:  

Get SALT Encoding   

  12  0:01  SCV  
  13  0:13  SCV  
  14  0:17  Supply Depot  
  14  0:23  Refinery  
  14  0:28  SCV  
  15  0:42  SCV  
  16  0:54  SCV  
  17  1:06  SCV  
  17  1:11  Barracks  
  18  1:14  Barracks  
  18  1:19  SCV  
  19  1:31  SCV  
  20  1:39  Supply Depot  
  20  1:43  SCV  
  21  1:55  SCV  
  22  2:03  Reaper x2  
  22  2:06  Barracks  
  24  2:12  Orbital Command  
  23  2:35  Reaper x2  
  25  2:41  SCV  
  24  3:28  SCV  
  24  3:31  Command Center  
  24  3:42  Reaper x2  
  24  3:45  SCV  
  26  3:50  Factory  
  26  3:54  Engineering Bay  
  26  3:57  SCV  
  27  4:09  SCV  
  28  4:13  Supply Depot  
  28  4:15  Factory  
  28  4:16  Marine x2  
  28  4:31  SCV  
  28  4:35  Hellion  
  31  4:41  Command Center  
  31  4:44  SCV  
  31  4:45  Orbital Command  
  32  4:46  Missile Turret  
  32  4:47  Refinery  
  32  4:55  Starport  
  32  5:01  Hellion x2  
  32  5:02  SCV  
  32  5:06  Missile Turret  
  37  5:09  Orbital Command  
  27  5:38  Marine x2  
  27  5:40  Hellion x2  
  21  5:59  Orbital Command  
  21  6:03  Widow Mine x2  
  25  6:10  SCV x2  
  27  6:22  SCV  
  28  6:32  Hellion x2  
  32  6:33  SCV  
  32  6:34  SCV  
  32  6:51  Viking  
  34  6:58  SCV x2  
  36  7:06  Refinery  
  35  7:10  SCV  
  35  7:11  SCV  
  37  7:17  Orbital Command  
  37  7:23  SCV x2  
  37  7:26  Fusion Core  
  37  7:27  Factory Tech Lab  
  37  7:29  Hellion  
  41  7:35  SCV x2  
  41  7:36  Starport Tech Lab  
  43  7:47  SCV x2  
  45  8:04  SCV  
  45  8:05  SCV  
  47  8:08  Siege Tank  
  50  8:15  SCV  
  50  8:17  SCV  
  52  8:20  Refinery  
  52  8:30  Refinery, SCV x3  
  52  8:33  Marine x2  
  57  8:37  Battlecruiser  
  63  8:47  SCV x2, Starport  
  65  8:52  Widow Mine  
  65  8:54  SCV  
  68  8:59  SCV  
  68  9:01  SCV  
  67  9:06  SCV  
  64  9:15  Missile Turret  
  64  9:16  Missile Turret  
  64  9:17  Missile Turret  
  64  9:18  Missile Turret, SCV  
  65  9:29  Starport Tech Lab  
  65  9:30  SCV  
  66  9:35  SCV  
  66  9:36  SCV  
  68  9:41  Starport  
  68  9:43  SCV  
  69  9:50  Supply Depot  
  69  9:51  Supply Depot  
  69  9:52  Supply Depot  
  69  10:07  Battlecruiser  
  69  10:12  Siege Tank  
  78  10:16  Supply Depot  
  78  10:17  Supply Depot  
  78  10:23  Command Center, Starport Tech Lab  
  78  10:25  Starport  
  78  10:34  Battlecruiser  
  86  10:58  SCV  
  86  11:01  Refinery  
  85  11:10  SCV  
  59  11:22  SCV  
  39  11:34  SCV  
Tags
 
Add a new tag
Caveats
  • Supply blocks, unpowered buildings, or Contaminate may cause inaccurate times.
  • Supply counts are checked every 10 seconds.